← All builds
Geo / Armada / Economy first / OBSERVED BUILD

Mauser artillery

Armada Geo build order · Supreme Isthmus

Geo skips straight to an Advanced Vehicle Plant and brings Mauser artillery to the middle from about 5:24, well before the role's normal T2 unit timing.

#t2 #artillery #push · 95 distinct matches · 37 players · 3% of Armada Geo games · team won 58% of 96 · Recently observed

THE CATCH, AND WHAT COMES WITH IT
  • MauserT2 vehicle artillery from 5:23 · 4% of role by thenFrom the Advanced Vehicle Plant. Only 4% of Geo games have it by then; others who build it get it around 8:06
  • Advanced Vehicle PlantAdvanced Vehicle Plant in 96%7% of all Geo games by then
  • Vehicle PlantVehicle Plant in 96%17% of all Geo games by then
  • ProphetRadar vehicle in 59%2% of all Geo games by then

Where those units first fight, in 96 games with kill data: in the middle 85%, on their own side 15%.

Those units destroy a typical 3,937 metal of enemy units by 15:00.

Then transitions into Starlight (24% of army), Jaguar (21% of army).

HOW TO PLAY IT

Key timing: Advanced Vehicle Plant by 4:26

  1. Open double mex and wind into Bot Lab by 1:12.
  2. Bring geo online, then reclaim bot lab and vehicle plant.
  3. Drop Vehicle Plant, then push straight to Advanced Vehicle Plant.
  4. Field Mauser arty from the T2 plant to support front.
  5. Add Umbra jammer support alongside the arty push.

Phase by phase

TYPICAL OF ITS 95 GAMES · AGAINST STANDARD GEO
  1. 1
  2. 2
  3. 3
  4. 4
PLAY THE OPENING

Follow the example game's first 6:23 step by step: what to build now, what comes next, and where it goes. At 1× it keeps pace with your own game.

  1. 1

    Up to the Bot Lab

    Economy
    • Metal Extractor3Mex
    • Wind Turbine3Wind
    Order
    1. Bot LabBot Lab after 3 mex, 3 winddone ~1:07, middle half 0:54–1:19

    By 0:51 in all: 3 mex · 3 wind

    The example game in this phase · 3 steps
    1. Mex ×2
    2. Wind ×3
    3. Bot LabBot Labdone 0:52 · typical 1:07
  2. 2

    Bot Lab to Vehicle Plant

    Economy
    • Metal Extractor1Mex
    • Wind Turbine2Wind
    • Energy Converter6Converter+4 vs standard
    • Energy Storage1Energy storage
    Order
    1. Geothermal PowerplantGeo after 4 mex, 6 wind, 1 energy storage
    2. Bot LabEat Bot Lab
    3. Vehicle PlantVehicle Plant after 4 mex, 7 wind, 6 converterdone ~4:17, middle half 3:56–4:30
    Builders
    • Construction Turret2 Con turret
    • Lazarus3 Lazarus
    • Construction Bot1 Con bot
    • Construction Bot1 Con bot for allies
    • Lazarus1 Lazarus for allies

    By 4:04 in all: 4 mex · 7 wind · 1 geo · 6 converter (standard 2) · 1 energy storage · 2 con turret

    The example game in this phase · 15 steps
    1. LazarusLazarus
    2. Construction BotCon botfor unknown
    3. Construction BotCon bot
    4. Wind
    5. LazarusLazarusfor unknown
    6. LazarusLazarus
    7. Wind
    8. Mex ×2
    9. Energy storage
    10. LazarusLazarus
    11. Con turret ×3
    12. Geothermal PowerplantGeodone 3:20 · typical 3:13
    13. Bot LabEat Bot Labreclaimed for its metal
    14. Converter ×6
    15. Vehicle PlantVehicle Plantdone 3:55 · typical 4:17
  3. 3

    Vehicle Plant to T2 vehicle artillery

    Economy
    • Energy Converter2Converter−4 vs standard
    Order
    1. Advanced Vehicle PlantAdvanced Vehicle Plant after 4 mex, 7 wind, 6 converter
    2. Vehicle PlantEat Vehicle Plant
    3. MauserT2 vehicle artillery after 4 mex, 7 wind, 6 converter
    Builders
    • Construction Vehicle1 Con vehicle

    The standard build makes here, this one skips: 2 con turret

    By 5:23 in all: 4 mex · 7 wind · 1 geo · 6 converter (standard 9) · 1 energy storage · 3 con turret (standard 6)

    The example game in this phase · 5 steps
    1. Construction VehicleCon vehicle
    2. Converter
    3. Advanced Vehicle PlantAdvanced Vehicle Plantdone 4:51 · typical 5:16
    4. Vehicle PlantEat Vehicle Plantreclaimed for its metal
    5. MauserMauserdone 4:59
  4. 4

    T2 vehicle artillery to 10:00

    Economy
    • Wind Turbine2Wind−6 vs standard
    Order
    1. Advanced Geothermal PowerplantAdvanced Geothermal Powerplant after 4 mex, 7 wind, 6 converterin 57% of games
    Builders
    • Construction Turret2 Con turret
    • Advanced Construction Vehicle1 T2 con vehicle for allies
    • Advanced Construction Vehicle1 T2 con vehicle
    Army
    • Mauser4 Mauser +4 vs standard
    • Prophet1 Radar vehicle

    Some games also: jammer (50%) · converter (30%)

    The standard build makes here, this one skips: 6 converter · 2 Starlight

    By 10:00 in all: 4 mex · 10 wind (standard 18) · 1 geo · 1 Advanced Geothermal Powerplant · 8 converter (standard 16) · 1 energy storage

    The example game in this phase · 106 steps
    1. MauserMauser ×4
    2. ProphetRadar vehicle
    3. UmbraJammer
    4. Advanced Construction VehicleT2 con vehicle
    5. Advanced Metal ExtractorT2 mexdone 6:44 · typical 7:27
    6. Advanced Construction VehicleT2 con vehiclefor unknown
    7. Advanced Metal ExtractorT2 mex ×2
    8. ShredderShredder ×2done 7:55
    9. Advanced Metal ExtractorT2 mex
    10. Wind
    11. ShredderShredder
    12. Wind ×2
    13. ShredderShredder
    14. Wind
    15. JaguarJaguar
    16. Wind ×2
    17. JaguarJaguar
    18. Wind
    19. JaguarJaguar
    20. Wind ×4
    21. JaguarJaguar
    22. Wind
    23. UmbraJammer
    24. ProphetRadar vehicle
    25. UmbraJammer
    26. Bot LabBot Labdone 10:27
    27. Advanced Geothermal PowerplantAdvanced Geothermal Powerplantnot finished by 15:00 · typical 10:12
    28. JaguarJaguar
    29. Con turret ×2
    30. Advanced Geothermal PowerplantAdvanced Geothermal Powerplant
    31. TickTick ×3
    32. Con turret
    33. TickTick
    34. Wind
    35. TickTick ×3
    36. Wind
    37. TickTick
    38. BeamerBeamer
    39. TickTick ×3
    40. JaguarJaguar
    41. Wind
    42. TickTick ×2
    43. Wind
    44. TickTick
    45. JaguarJaguar
    46. TickTick
    47. Wind
    48. TickTick
    49. Wind
    50. Converter
    51. TickTick
    52. JaguarJaguar
    53. TickTick
    54. Wind
    55. TickTick ×2
    56. Converter
    57. Wind
    58. JaguarJaguar
    59. TickTick ×4
    60. Con turret
    61. TickTick
    62. JaguarJaguar
    63. TickTick ×2
    64. Con turret ×2
    65. TickTick
    66. MauserMauser
    67. TickTick ×5
    68. Wind
    69. TickTick
    70. MauserMauser
    71. TickTick ×2
    72. Wind
    73. TickTick
    74. JaguarJaguar
    75. StarlightStarlightdone 13:39 · typical 11:16
    76. TickTick ×4
    77. Wind
    78. TickTick ×2
    79. Bot LabBot Labdone 13:22
    80. Wind
    81. TickTick
    82. Wind
    83. TickTick
    84. Wind ×2
    85. TickTick
    86. Con turret
    87. TickTick ×3
    88. Wind
    89. TickTick
    90. Con turret
    91. TickTick ×10
    92. JaguarJaguar
    93. TickTick ×10
    94. JaguarJaguar
    95. TickTick ×6
    96. Advanced Construction VehicleT2 con vehicle
    97. TickTick ×19
    98. StarlightStarlight
    99. TickTick ×2
    100. Con turret
    101. TickTick ×5
    102. Con turret
    103. TickTick
    104. Con turret
    105. TickTick ×2
    106. Bot LabEat Bot Labreclaimed for its metal

Counts are medians over the build's games: half of them build more, half fewer. The example game is malleking's (32 OS, 14/10/2026); pick another.

Team trades

IN AT LEAST 30% OF ITS GAMES

You hand over

  • Lazarus1 Lazarus to Beach sea or Geo seafirst at 2:04 · in 60% of games
  • Construction Bot1 Con bot to Beach sea or Pondfirst at 2:35 · in 72% of games
  • Advanced Construction Vehicle2 T2 con vehicle to Front or Suicide frontfirst at 8:37 · in 74% of games

You get

Nothing regular.

How it plays out

Typical game of this build against the role’s standard build, running totals by minute

  • This build
  • Standard geo

Metal produced

020k40k
0:005:0010:0015:00

metal

Enemy metal destroyed

05k10k15k
0:005:0010:0015:00

metal

Own metal lost

02k4k6k
0:005:0010:0015:00

metal

96 games.

Show as table
ByMetal produced: This buildMetal produced: Standard geoEnemy metal destroyed: This buildEnemy metal destroyed: Standard geoOwn metal lost: This buildOwn metal lost: Standard geo
1:003713330000
2:008768600000
3:00154215270000
4:00271126710000
5:00456236930000
6:00638056360000
7:0074738019284000
8:009050113431210000
9:00111411440622254332084
10:0013668172702761472661200
11:001631920110342917451138520
12:0018764229804708361814751605
13:0021268257305697587420612970
14:0023806285747183825028554419
15:00264583134796911020940185552
WHAT THE NUMBERS SAY

Won more often than the standard Geo build and destroyed far more metal while losing less.

  • + Destroys 10530 metal by 15:00 vs standard's 10573, close while losing far less
  • + Own losses much lower, 4750 vs 5975 by 15:00
  • − Metal produced trails standard badly by 10:00, 13782 vs 17433
  • − Mauser lands by 8:13, slower than the claimed early push despite the 5:30 start
THE EXAMPLE YOU ARE READING

malleking

31.9 OS · 14/10/2026

Open source match ↗

1 received units · includes a constructor
4696 metal received · 148399 energy received

Allied construction assistance is unknown. Timings are observations, not a promise of solo reproducibility.

Typical milestones

Bot Lab1:07Middle 50%: 0:54–1:19 · n=96
Geothermal Powerplant3:13Middle 50%: 3:03–3:34 · n=96
Vehicle Plant4:17Middle 50%: 3:56–4:30 · n=96
Advanced Vehicle Plant5:16Middle 50%: 5:02–5:43 · n=96
Advanced Metal Extractor7:27Middle 50%: 6:53–8:14 · n=95
Advanced Geothermal Powerplant10:12Middle 50%: 9:35–11:25 · n=74
Starlight11:16Middle 50%: 10:23–12:22 · n=63

Played most by

[FCRD]GlazedByAfussy12games of this buildmalleking10games of this buildJosephPilates7games of this buildJustSomeGuy6games of this build0neTw05games of this build